AoeStats
← danjo

Hideout

509822892Analyzed
1v1 RM · 4d ago on Sep 28, 2026· 42m 50s· 2 players
Game mode
Random Map
Map size
Tiny (2 player)
Population
200
Speed
Normal
Resources
Standard
Victory
Conquest
Starting age
Dark Age
Ending age
Imperial Age
RankedLock teamsTeams togetherTeam positionsShared explorationLock speedFull tech treeHidden civsTurbo modeCheats
Victory
Defeat
🇮🇳 Spanish · India
1124
+17
🇩🇪 Malians · Germany
1148
-17
Flyingdoc
10:39 Feudal Age
15:04 Castle Age
13:33 Double-Bit Axe
14:13 Horse Collar
19:58 Town Watch
24:36 Wheelbarrow
28:18 Imperial Age
26:36 Bloodlines
26:27 Fletching
28:42 Bodkin Arrow
28:48 Padded Archer Armor
28:52 Husbandry
29:27 Bracer
30:02 Conscription
30:38 Leather Archer Armor
31:57 Elite Conquistador
32:58 Capped Ram
33:38 Loom
35:06 Hand Cart
danjo
10:14 Feudal Age
15:59 Castle Age
14:46 Stone Mining
17:59 Fletching
19:52 Loom
22:45 Padded Archer Armor
24:16 Elite Skirmisher
25:14 Leather Archer Armor
36:17 Imperial Age
34:00 Scale Mail Armor
35:48 Chain Mail Armor
36:18 Forging
37:32 Ring Archer Armor
Connection lost

Rejoining the realm…

Still unreachable

The connection could not be restored.

Session expired

The server has moved on; the page needs a fresh start.